 Dungeon Crawl Stone Soup version 0.28-a0-726-g4a9143789a (webtiles) character file.

Game seed: 5479682079321983850

2464 avis the Martial Artist (level 9, -3/62 HPs)
             Began as an Octopode Transmuter on Oct 25, 2021.
             Was an Initiate of Gozag.
             Succumbed to a water moccasin's poison
             ... on level 7 of the Dungeon on Oct 28, 2021.
             The game lasted 00:44:59 (9071 turns).

avis the Martial Artist (Octopode Transmuter)       Turns: 9071, Time: 00:44:59

Health: -3/62      AC:  2    Str: 12    XL:     9   Next: 50%
Magic:  10/12      EV: 21    Int: 15    God:    Gozag
Gold:   431        SH:  5    Dex: 24    Spells: 4/12 levels left

rFire   + . .      SeeInvis .     - Unarmed
rCold   + + .      Faith    .   (shield currently unavailable)
rNeg    . . .      Spirit   .   (helmet currently unavailable)
rPois   .          Reflect  +   k - amulet of reflection
rElec   +          Harm     .   A - +6 ring of dexterity
rCorr   +          Rampage  .   E - ring of protection from cold
Will    .....                   (no ring)
Stlth   ++........              (no ring)
HPRegen 0.20/turn               (no ring)
MPRegen 0.13/turn               (no ring)
                                (no ring)
                                (no ring)

@: lethally poisoned (-3 -> -36), spider-form (expiring), resistant, flying
A: venomous fangs, almost no armour, (amphibious), 8 rings, tiny, (camouflage
1), (gelatinous body 1), (nimble swimmer 1), (tentacles)
a: End Transformation, Renounce Religion, Potion Petition, Call Merchant, Bribe
Branch


You were on level 7 of the Dungeon.
You worshipped Gozag.
Gozag was aware of your devotion.
You were a venomous arachnid creature.
You visited 2 branches of the dungeon, and saw 8 of its levels.

You collected 540 gold pieces.
You paid 109 gold pieces to Gozag.

Inventory:

Hand Weapons
 q - a +1 vorpal trident
Missiles
 c - 7 arrows
 m - 4 poisoned darts
 r - 11 stones
 z - a throwing net
Jewellery
 k - an amulet of reflection (around neck)
 A - a +6 ring of dexterity (left front leg)
 E - a ring of protection from cold (right front leg)
Wands
 s - a wand of flame (7)
 t - a wand of iceblast (3)
Scrolls
 a - 2 scrolls of vulnerability {unknown}
 d - a scroll of enchant weapon {unknown}
 e - 3 scrolls of identify {unknown}
 h - a scroll of amnesia {unknown}
 l - 2 scrolls of enchant armour {unknown}
 n - 2 scrolls of teleportation {unknown}
 o - a scroll of brand weapon {unknown}
 y - a scroll of immolation {unknown}
 B - a scroll of torment {unknown}
 F - a scroll of blinking {unknown}
Potions
 b - a potion of ambrosia {unknown}
 f - 2 potions of flight
 g - a potion of brilliance {unknown}
 i - a potion of mutation {unknown}
 j - a potion of resistance
 p - a potion of berserk rage {unknown}
 u - a potion of curing {unknown}
 v - a potion of magic {unknown}
 w - a potion of heal wounds {unknown}
 x - 2 potions of lignification {unknown}
 G - a potion of haste {unknown}


   Skills:
 * Level 6.1 Fighting
 - Level 3.0 Dodging
 - Level 1.0 Stealth
 - Level 9.0 Unarmed Combat
 - Level 2.0 Spellcasting
 - Level 5.0 Transmutations
 - Level 4.0 Ice Magic
 - Level 2.0 Poison Magic


You had 4 spell levels left.
You knew the following spells:

 Your Spells              Type           Power      Damage    Failure   Level
a - Beastly Appendage     Tmut           32%        N/A       10%         1
p - Spider Form           Tmut/Pois      6%         N/A       34%         3
q - Ice Form              Ice/Tmut       15%        N/A       56%         4

Your spell library contained the following spells:

 Spells                   Type           Power      Damage    Failure   Level
 Wereblood                Tmut           16%        N/A       13%         2
 Blink                    Tloc           2%         N/A       54%         2
 Lesser Beckoning         Tloc           1%         N/A       75%         3
 Manifold Assault         Tloc           1%         N/A       100%        5


Dungeon Overview and Level Annotations

Branches:
Dungeon (7/15)             Temple (1/1) D:5

Altars:
Ashenzari
Cheibriados
Dithmenos
Elyvilon
Fedhas
Gozag
Hepliaklqana
Kikubaaqudgha
Makhleb
Nemelex Xobeh
Okawaru
Qazlal
Ru
Sif Muna
Trog
Uskayaw
Vehumet
Wu Jian
Xom
Yredelemnul
Zin
The Shining One

Portals:
Abyss: D:4

Annotations:
D:4 2 transporters, Dittersdorf's ghost, amateur GrFi


Innate Abilities, Weirdness & Mutations

You are a venomous arachnid creature.
You have poisonous fangs.
You are tiny and dextrous.
Your spellcasting is less reliable in this form.
Your armour is entirely melded.
You are incapable of wielding weapons or throwing items.
You cannot wear most types of armour.
((You are amphibious.))
You can wear up to eight rings at the same time.
((Your skin changes colour to match your surroundings (Stealth+).))
((Your rubbery body absorbs attacks. (AC +1, EV +1)))
((You are camouflaged near water. (Stealth+)))
((You have tentacles for arms and can constrict up to eight enemies at once.))


Message History

Your transformation is almost over.
The centaur shoots an arrow.
The arrow completely misses you.
You bite the water moccasin!
The water moccasin is moderately wounded.
The water moccasin bites you.
You are poisoned.
The water moccasin poisons you! The water moccasin bites you.
You hit the water moccasin but do no damage.
The water moccasin is moderately wounded.
You feel very sick. The water moccasin barely misses you.
You barely miss the water moccasin.
The water moccasin is moderately wounded.
You feel very sick. The water moccasin closely misses you.
You closely miss the water moccasin.
The water moccasin is moderately wounded.
You feel very sick.
The water moccasin completely misses you.
You hit the water moccasin.
The water moccasin is moderately wounded.
You feel very sick. The water moccasin bites you.
You are lethally poisoned!
The water moccasin poisons you!
It was a potion of flight.
You feel very buoyant.
You fly up into the air.
* * * LOW HITPOINT WARNING * * *
You feel extremely sick.
A bullfrog comes into view.
You block the water moccasin's attack. The water moccasin misses you.
* * * LOW HITPOINT WARNING * * *
You feel extremely sick.
The bullfrog croaks.
There is an open door here.
It was a potion of resistance.
You feel protected.
You die...
Your body crumbles into a pile of gold.

#..........##
............##
.............#
.##........#.#
.##...)....#.## #
.##....).....'## .+
..##....))...#.###.#
...#....)....##...#
.............###s###
.....###.#..## #S..#
...... #...## #c#..#
###.#. ...##
#h.##.F# .. ###..#
#... ...# #. #..#
....# $.# #..'
#..#.. .+ $ #.. ##.
..# .# .. #. .## $


You could see a water moccasin, a black bear, a bullfrog and a centaur.

Vanquished Creatures
  A two-headed ogre (D:6)
  Menkaure (D:7)
  Duvessa (D:7)
  An ice beast (D:5)
  A black bear (D:5)
  A necrophage (D:5)
  A centaur (D:6)
  2 bullfrogs
  A gnoll sergeant (D:5)
  Dowan (D:7)
  A wyvern zombie (D:6)
  A water moccasin skeleton (D:6)
  4 killer bees (D:7)
  A bullfrog zombie (D:6)
  A jelly (D:7)
  4 hounds
  A bullfrog skeleton (D:6)
  A centaur skeleton (D:5)
  A gnoll shaman (D:7)
  3 iguanas
  An orc wizard (D:4)
  Natasha (thrice) (D:4)
  2 hound skeletons (D:4)
  12 gnolls
  8 adders
  An ufetubus (D:5)
  An adder skeleton (D:4)
  A worm (D:4)
  2 dart slugs
  11 orcs
  4 ball pythons
  7 bats
  7 endoplasms
  3 giant cockroaches
  6 goblins
  7 hobgoblins
  4 jackals (D:3)
  8 kobolds
  3 quokkas
  3 frilled lizards
  4 rats
127 creatures vanquished.

Vanquished Creatures (others)
  4 fungi (D:5)
4 creatures vanquished.

Grand Total: 131 creatures vanquished

Notes
Turn   | Place    | Note
-------+----------+-------------------------------------------
     0 | D:1      | avis the Octopode Transmuter began the quest for the Orb.
     0 | D:1      | Reached XP level 1. HP: 13/13 MP: 3/3
   235 | D:1      | Reached XP level 2. HP: 19/19 MP: 1/5
   774 | D:1      | Reached XP level 3. HP: 24/24 MP: 4/6
   797 | D:1      | Learned a level 3 spell: Spider Form
   976 | D:1      | Found a faded altar of an unknown god.
  1467 | D:2      | Reached skill level 4 in Unarmed Combat
  1511 | D:1      | Reached skill level 1 in Poison Magic
  1669 | D:2      | Reached skill level 1 in Stealth
  1826 | D:1      | Reached XP level 4. HP: 19/30 MP: 0/7
  2993 | D:3      | Reached XP level 5. HP: 30/36 MP: 4/8
  3854 | D:3      | Upgraded the game from 0.28-a0-723-g095bd1b44f to
                  | 0.28-a0-724-g66f9036eb4
  3931 | D:4      | Noticed Natasha
  3974 | D:4      | Killed Natasha
  3975 | D:4      | Reached skill level 5 in Unarmed Combat
  4210 | D:4      | Noticed an ancient zyme
  4225 | D:4      | Reached XP level 6. HP: 40/42 MP: 9/9
  4243 | D:4      | Learned a level 4 spell: Ice Form
  4283 | D:4      | Found a transporter.
  4286 | D:4      | Found a one-way gate to the infinite horrors of the Abyss.
  4286 | D:4      | Noticed Dittersdorf's ghost (amateur GrFi)
  4301 | D:4      | Found a transporter.
  4305 | D:4      | Noticed Natasha
  4312 | D:4      | Killed Natasha
  4664 | D:4      | Noticed Natasha
  4674 | D:4      | Killed Natasha
  4675 | D:4      | Reached XP level 7. HP: 26/46 MP: 7/10
  4884 | D:4      | Reached skill level 6 in Unarmed Combat
  5104 | D:5      | Entered Level 5 of the Dungeon
  5583 | D:5      | Found a staircase to the Ecumenical Temple.
  5979 | D:5      | Found a hide-covered altar of Uskayaw.
  6021 | D:5      | Reached skill level 7 in Unarmed Combat
  6549 | D:5      | Upgraded the game from 0.28-a0-724-g66f9036eb4 to
                  | 0.28-a0-726-g4a9143789a
  6618 | D:5      | Reached XP level 8. HP: 41/54 MP: 8/11
  6642 | D:5      | Reached skill level 5 in Fighting
  6903 | Temple   | Entered the Ecumenical Temple
  7200 | Temple   | Became a worshipper of Gozag Ym Sagoz the Greedy
  7383 | D:6      | Reached skill level 1 in Ice Magic
  7432 | D:6      | Noticed a two-headed ogre
  7494 | D:6      | Killed a two-headed ogre
  7495 | D:6      | Reached skill level 5 in Transmutations
  7495 | D:6      | Reached XP level 9. HP: 60/61 MP: 8/12
  7574 | D:6      | Reached skill level 8 in Unarmed Combat
  8509 | D:7      | Noticed Menkaure
  8516 | D:7      | Killed Menkaure
  8712 | D:7      | Noticed Dowan
  8714 | D:7      | Noticed Duvessa
  8723 | D:7      | Killed Duvessa
  8732 | D:7      | Killed Dowan
  8995 | D:7      | Reached skill level 9 in Unarmed Combat
  9071 | D:7      | Succumbed to a water moccasin's poison

Illustrated notes

Levels and vault maps discovered:
D:1:      grunt_arrival_lava_bath, layout_basic,
          dreamdust_ecumenical_altar_angels_and_demons
D:2:      layout_basic
D:3:      layout_rooms, wander_ebering_terrifying_dragon_lair
D:4:      layout_basic, gammafunk_ghost_abyssal_escape, uniq_natasha
D:5:      layout_loops_ring, mainiacjoe_overflow_cross_hatched,
          minmay_temple_entry_from_below_b, hangedman_abyss_or_decor_stagger,
          minmay_tree_intersection, nrook_campfire
D:6:      layout_basic, minmay_misc_feat_enclosed
D:7:      minmay_the_grid_octo_tiled_octocenter [minmay_the_grid_octo_teeth,
          minmay_the_grid_octo_fan_narrow, minmay_the_grid_octo_odd_swirl,
          minmay_the_grid_octo_chip, minmay_the_grid_octo_prize_single_spiral,
          minmay_the_grid_square_5x5_plus, minmay_the_grid_square_5x5_mess,
          minmay_the_grid_square_5x5_spiral_small,
          minmay_the_grid_square_5x5_moneybag], layout_cave_pools,
          minmay_misc_feat_chi, uniq_menkaure, uniq_duvessa
Temple:   roderic_octagonal_lattice_temple

Skill      XL: |  1  2  3  4  5  6  7  8  9 |
---------------+----------------------------+-----
Fighting       | 2 3 4 5 6 |  6.1
Unarmed Combat | 4 5 7 9 |  9.0
Poison Magic   | 1 2 |  2.0
Stealth        | 1 |  1.0
Dodging        | 3 |  3.0
Transmutations | 3 5 |  5.0
Ice Magic      | 4 |  4.0
Spellcasting   | |  2.0

Action                   |  1- 3 |  4- 6 |  7- 9 || total
-------------------------+-------+-------+-------++-------
Melee: Unarmed           |    80 |   113 |   177 ||   370
       Tentacles         |     6 |     7 |     7 ||    20
       Kick              |    20 |     8 |    12 ||    40
       Constrict         |    21 |    10 |     5 ||    36
       Punch             |     1 |     2 |     4 ||     7
 Cast: Beastly Appendage |    27 |    12 |     9 ||    48
       Spider Form       |     3 |    20 |    34 ||    57
  Use: Potion            |       |       |     2 ||     2
 Stab: Sleeping          |     4 |     2 |     3 ||     9
Armor: Skin              |     5 |     4 |     5 ||    14
Dodge: Dodged            |    48 |    67 |   136 ||   251
Block: Other             |       |    11 |    27 ||    38
       Reflection        |       |       |     1 ||     1

Table legend: (Time is in decaauts)
 A = Elapsed time spent in this place.
 B = Non-inter-level travel time spent in this place.
 C = Inter-level travel time spent in this place.
 D = Time resting spent in this place.
 E = Time spent auto-exploring this place.
 F = Levels seen in this place.
 G = Mean time per level.
                   A        B        C        D        E       F      G
               +--------+--------+--------+--------+--------+-----+--------+
         Total |   9058 |   8255 |    803 |   3097 |   3174 |   8 | 1132.2 |
       Dungeon |   8736 |   7980 |    756 |   3097 |   2931 |   7 | 1248.0 |
        Temple |    321 |    274 |     47 |      0 |    243 |   1 |  321.0 |
               +--------+--------+--------+--------+--------+-----+--------+

Top non-repeatable levels by time:
     D:1: 2001 daAuts
     D:4: 1669 daAuts
     D:6: 1534 daAuts
     D:3: 1139 daAuts
     D:5: 1131 daAuts
     D:2: 818 daAuts
     D:7: 442 daAuts
  Temple: 321 daAuts
